 Dungeon Crawl Stone Soup version 0.22-a0-845-g8bfc27d (webtiles) character file.

128 qbert75 the Conjurer (level 4, 0/34 HPs)
             Began as a Draconian Conjurer on July 26, 2018.
             Succumbed to an adder's poison
             ... on level 2 of the Dungeon.
             The game lasted 00:15:13 (2910 turns).

qbert75 the Conjurer (Draconian Conjurer)           Turns: 2910, Time: 00:15:13

Health: 0/34       AC:  5    Str: 11    XL:     4   Next: 87%
Magic:  3/7        EV: 18    Int: 16    God:
Gold:   137        SH:  0    Dex: 16    Spells: 6/7 levels left

rFire    . . .     SeeInvis .   m - +3 dagger (pain)
rCold    . . .     Gourm    .   (no shield)
rNeg     . . .     Faith    .   (armour unavailable)
rPois    .         Spirit   .   (helmet restricted)
rElec    .         Reflect  .   (no cloak)
rCorr    .         Harm     .   (no gloves)
MR       .....                  (no boots)
Stlth    +++.......             (no amulet)
HPRegen  0.11/turn              c - ring of flight
MPRegen  0.10/turn              l - ring of wizardry

@: agile, lethally poisoned (0 -> -6), about to teleport
A: unfitting armour, cold-blooded, AC +5
a: Evoke Flight


You were on level 2 of the Dungeon.
You were not hungry.

You visited 1 branch of the dungeon, and saw 2 of its levels.

You collected 137 gold pieces.

Inventory:

Hand Weapons
 g - a +0 dagger
 i - a +0 hunting sling
 m - a +3 dagger of pain (weapon)
Missiles
 a - 85 stones (quivered)
Armour
 j - a +0 ring mail
Jewellery
 c - a ring of flight (left hand)
 l - a ring of wizardry (right hand)
Scrolls
 d - 2 scrolls of random uselessness {unknown}
 e - a scroll of enchant weapon
 k - 2 scrolls of remove curse
Comestibles
 b - 2 rations
 n - a chunk of flesh


   Skills:
 + Level 0.8 Fighting
 + Level 1.4 Short Blades
 + Level 1.0 Slings
 + Level 2.3 Dodging
 + Level 2.2 Stealth
 + Level 2.3 Spellcasting
 + Level 4.7 Conjurations
 + Level 1.1 Evocations


You had 6 spell levels left.
You knew the following spells:

 Your Spells              Type           Power        Failure   Level  Hunger
a - Magic Dart            Conj           ###.         1%          1    #......

Your spell library contained the following spells:

 Spells                   Type           Power        Failure   Level  Hunger
 Iskenderun's Mystic Bla  Conj           ###.....     12%         4    #####..
 Fulminant Prism          Conj/Hex       #.........   28%         4    #####..
 Dazzling Spray           Conj/Hex       #.....       9%          3    ###....
 Force Lance              Conj/Tloc      #.......     28%         4    #####..
 Searing Ray              Conj           ###...       1%          2    ###....


Dungeon Overview and Level Annotations

Branches:
Dungeon (2/15)

Altars:


Innate Abilities, Weirdness & Mutations

Your plain brown scales are hard. (AC +5)
You cannot fit into any form of body armour.
You are cold-blooded and may be slowed by cold attacks.


Message History

Casting: Magic Dart (safe; 3% risk of failure)
Confirm with . or Enter, or press ? or * to list all spells.
Aiming: Magic Dart (safe; 3% risk of failure)
Press: ? - help, Shift-Dir - straight line, f - bat
Aim: a bat (heavily wounded)
The magic dart hits the bat.
You kill the bat!
* * * LOW HITPOINT WARNING * * *
You feel sick.
There is a lethal amount of poison in your body!
l - a ring of wizardry (right hand)
As you read the scroll labeled VEAWAA SALOIDOEMP, it crumbles to dust.
You feel strangely unstable.
It was a scroll of teleportation.
* * * LOW HITPOINT WARNING * * *
You feel sick.
You see here an adder corpse.
As you read the scroll labeled HAGGUT RUISEOPP, it crumbles to dust.
It is a scroll of enchant weapon.
Your +2 dagger of pain glows red for a moment.
You die...

.# ###.####.####### .# .#
#............... .####.#
#.#.#.##.####### ......#
#.#.#.##.# # .####.#####.
#.#.#.##.### # ............
#.#.#......##### .#.#........####
#.#.#.........##
.#.'...........###.#.#.........##
.#.#............@†.#.#.........##
......###.#.#''#†#.............##
...#........#..#.........[.......
.#.#..###.###..###...............
.........)'.#)!#.).....##.......#
##.#..#.#.'.#($#.'...............
..........########....###.##.##.#
............# #......# #.##.##.#
.....##...#.#++#.#....###....##.#


There were no monsters in sight!

Vanquished Creatures
  A gnoll (D:1)
  5 adders (D:2)
  A worm (D:2)
  2 dart slugs
  A leopard gecko (D:2)
  4 orcs (D:2)
  3 giant cockroaches
  9 goblins
  6 hobgoblins
  7 jackals
  8 bats
  A frilled lizard (D:2)
  6 kobolds
  3 rats
57 creatures vanquished.

Notes
Turn   | Place    | Note
-------+----------+-------------------------------------------
     0 | D:1      | qbert75 the Draconian Conjurer began the quest for the Orb.
     0 | D:1      | Reached XP level 1. HP: 14/14 MP: 3/3
   251 | D:1      | Reached XP level 2. HP: 20/20 MP: 3/5
   545 | D:1      | Reached skill level 1 in Short Blades
   562 | D:1      | Reached XP level 3. HP: 12/26 MP: 1/6
  1833 | D:2      | Reached XP level 4. HP: 16/34 MP: 3/7
  2324 | D:2      | Reached skill level 1 in Slings
  2883 | D:2      | Reached skill level 1 in Evocations
  2906 | D:2      | HP: 1/34 [poisoned by an adder]
  2910 | D:2      | Succumbed to an adder's poison

Vault maps used:
D:1:      dpeg_arrival_arbitrary_a
D:2:      minmay_mini_jars

Skill      XL: |  1  2  3  4 |
---------------+-------------+-----
Short Blades   | 1 |  1.4
Dodging        | 2 |  2.3
Stealth        | 2 |  2.2
Slings         | 1 |  1.0
Evocations     | 1 |  1.1
Fighting       | |  0.8
Spellcasting   | |  2.3
Conjurations   | |  4.7

Action                   |  1- 3 |  4- 6 || total
-------------------------+-------+-------++-------
Melee: Unarmed           |     3 |       ||     3
       Dagger            |    67 |    83 ||   150
       Tailslap          |     7 |     4 ||    11
 Fire: Hunting sling     |    16 |     1 ||    17
Throw: Stone             |    12 |     1 ||    13
 Cast: Magic Dart        |    29 |    20 ||    49
  Use: Scroll            |       |     3 ||     3
       Potion            |       |     1 ||     1
  Eat: Chunk             |     3 |     4 ||     7
Armor: Skin              |    30 |    56 ||    86
Dodge: Dodged            |    81 |   116 ||   197

Table legend:
 A = Spawn XP
 B = Non-spawn XP
 C = Spawn XP percentage of total XP
 D = Spawn monster count
 E = Non-spawn monster count
 F = Spawn count percentage of total count
 G = Total turns spent on level
                    A         B        C        D         E        F      G
               +---------+---------+-------+---------+---------+-------+---------
         Total |       0 |     184 |   0.0 |       0 |      57 |   0.0 |  2910
               +---------+---------+-------+---------+---------+-------+---------
           D:1 |       0 |      46 |   0.0 |       0 |      17 |   0.0 |  1163
           D:2 |       0 |     138 |   0.0 |       0 |      40 |   0.0 |  1747
               +---------+---------+-------+---------+---------+-------+---------
